 Dungeon Crawl Stone Soup version 0.24-a0-441-g27f0392e16 (webtiles) character file.

Game seed: 10357465065059666578

185764 theanonym the Warrior (level 17, -1/147 HPs)
             Began as a Mummy Warper on June 20, 2019.
             Was the Champion of Ru.
             Slain by a shock serpent (10 damage)
             ... on level 4 of the Snake Pit.
             The game lasted 00:55:03 (33888 turns).

theanonym the Warrior (Mummy Warper)               Turns: 33888, Time: 00:55:04

Health: -1/147     AC: 26    Str: 21    XL:     17   Next: 82%
Magic:  0/27       EV: -3    Int: 13    God:    Ru [******]
Gold:   2126       SH: 17    Dex:  7    Spells: 21/21 levels left

rFire    + . .     SeeInvis .   a - +7 Screaming Sword {slice, sonic wave}
rCold    + + .     Gourm    .   x - +2 shield of Resistance {rF+ rC+ MR+}
rNeg     + + +     Faith    .   I - +0 plate armour
rPois    ∞         Spirit   +   j - +1 helmet
rElec    .         Reflect  +   J - scarf {Spirit}
rCorr    .         Harm     .   C - +2 pair of gloves
MR       ++...                  q - +2 pair of boots
Stlth    ..........             F - +5 amulet of reflection
HPRegen  0.34/turn              i - ring of protection from fire
MPRegen  0.20/turn              M - ring of magical power

@: exhausted, about to teleport, constricted, drained
A: no food or potions, fire vulnerability, clumsy 2, cold resistance 1, low mp
1, negative energy resistance 3, screaming 1, torment resistance, unbreathing,
no stealth, inability to train dodging, no conjurations magic, no earth magic,
no transmutations magic, reduced EV 1, magic vulnerability 1, in touch with
death 1
a: Draw Out Power, Power Leap, Apocalypse, Renounce Religion


Innate Abilities, Weirdness & Mutations

You do not eat or drink.
Your flesh is vulnerable to fire.
You are immune to poison.
You are very clumsy. (Dex -4)
Your flesh is cold resistant. (rC+)
Your magical capacity is low. (-10% MP)
You are immune to negative energy. (rN+++)
You occasionally shout uncontrollably at your foes.
You are immune to unholy pain and torment.
You can survive without breathing.
You cannot be stealthy.
You cannot train Dodging skill.
You cannot study or cast Conjurations magic.
You cannot study or cast Earth magic.
You cannot study or cast Transmutations magic.
You have somewhat slow reflexes. (EV -5)
You are slightly vulnerable to magic. (MR-)
You are in touch with the powers of death.


   Skills:
 + Level 17.0(15.8) Fighting
 - Level 16.0(14.8) Long Blades
 - Level 0.7(0.0) Throwing
 * Level 15.0(13.9) Armour
 + Level 6.7(5.8) Shields
 - Level 2.6(1.8) Spellcasting
   Level 2.4(1.5) Translocations


You had 21 spell levels left.
You didn't know any spells.
Your spell library contained the following spells:

 Spells                   Type           Power        Failure   Level  Hunger
 Apportation              Tloc           #.....       99%         1    N/A
 Animate Skeleton         Necr           N/A          100%        1    N/A
 Confusing Touch          Hex            #.....       100%        1    N/A
 Freeze                   Ice            #...         100%        1    N/A
 Infusion                 Chrm           #...         100%        1    N/A
 Pain                     Necr           #...         100%        1    N/A
 Summon Butterflies       Summ           #.......     100%        1    N/A
 Summon Small Mammal      Summ           #...         100%        1    N/A
 Blink                    Tloc           N/A          100%        2    N/A
 Call Imp                 Summ           #.......     100%        2    N/A
 Poisonous Vapours        Pois/Air       #.....       100%        2    N/A
 Shroud of Golubria       Chrm/Tloc      #.....       100%        2    N/A
 Slow                     Hex            #.......     100%        2    N/A
 Song of Slaying          Chrm           #.......     100%        2    N/A
 Call Canine Familiar     Summ           #.......     100%        3    N/A
 Confuse                  Hex            #.......     100%        3    N/A
 Gell's Gravitas          Tloc           #.........   100%        3    N/A
 Lesser Beckoning         Tloc           #.........   100%        3    N/A
 Ozocubu's Armour         Chrm/Ice       #.......     100%        3    N/A
 Spectral Weapon          Hex/Chrm       #.......     100%        3    N/A
 Teleport Other           Tloc           #.......     100%        3    N/A
 Vampiric Draining        Necr           #.........   100%        3    N/A
 Animate Dead             Necr           N/A          100%        4    N/A
 Olgreb's Toxic Radiance  Pois           #.......     100%        4    N/A
 Passage of Golubria      Tloc           N/A          100%        4    N/A
 Summon Ice Beast         Ice/Summ       #.......     100%        4    N/A
 Metabolic Englaciation   Hex/Ice        #.........   100%        5    N/A
 Summon Mana Viper        Hex/Summ       #.......     100%        5    N/A
 Summon Hydra             Summ           #.........   100%        7    N/A
 Beastly Appendage        Tmut           Unusable     N/A         1    N/A
 Magic Dart               Conj           Unusable     N/A         1    N/A
 Sting                    Conj/Pois      Unusable     N/A         1    N/A
 Searing Ray              Conj           Unusable     N/A         2    N/A
 Sticks to Snakes         Tmut           Unusable     N/A         2    N/A
 Throw Frost              Conj/Ice       Unusable     N/A         2    N/A
 Conjure Flame            Conj/Fire      Unusable     N/A         3    N/A
 Dazzling Spray           Conj/Hex       Unusable     N/A         3    N/A
 Ignite Poison            Fire/Tmut/Pois Unusable     N/A         3    N/A
 Mephitic Cloud           Conj/Pois/Air  Unusable     N/A         3    N/A
 Regeneration             Chrm/Necr      Unusable     N/A         3    N/A
 Spider Form              Tmut/Pois      Unusable     N/A         3    N/A
 Force Lance              Conj/Tloc      Unusable     N/A         4    N/A
 Fulminant Prism          Conj/Hex       Unusable     N/A         4    N/A
 Iskenderun's Mystic Bla  Conj           Unusable     N/A         4    N/A
 Petrify                  Tmut/Erth      Unusable     N/A         4    N/A
 Throw Icicle             Conj/Ice       Unusable     N/A         4    N/A
 Bolt of Magma            Conj/Fire/Erth Unusable     N/A         5    N/A
 Irradiate                Conj/Tmut      Unusable     N/A         5    N/A
 Iskenderun's Battlesphe  Conj/Chrm      Unusable     N/A         5    N/A
 Venom Bolt               Conj/Pois      Unusable     N/A         5    N/A
 Yara's Violent Unravell  Hex/Tmut       Unusable     N/A         5    N/A
 Iron Shot                Conj/Erth      Unusable     N/A         6    N/A
 Statue Form              Tmut/Erth      Unusable     N/A         6    N/A
 Orb of Destruction       Conj           Unusable     N/A         7    N/A
 Spellforged Servitor     Conj/Summ      Unusable     N/A         7    N/A

Skill      XL: |  1  2  3  4  5  6  7  8  9 10 11 12 13 14 15 16 17 |
---------------+----------------------------------------------------+-----
Long Blades    | 2 3 4 5 6 8 10 11 13 14 16 | 16.0
Fighting       | 3 4 5 7 8 10 11 12 14 15 16 17 | 17.0
Dodging        | 0 |  0.0
Armour         | 3 5 9 11 13 14 15 | 15.0
Shields        | 4 6 |  6.7
Throwing       | |  0.7
Spellcasting   | |  2.6
Translocations | |  2.4

Action                   |  1- 3 |  4- 6 |  7- 9 | 10-12 | 13-15 | 16-18 || total
-------------------------+-------+-------+-------+-------+-------+-------++-------
Melee: Falchion          |   136 |   412 |   403 |       |       |       ||   951
       Scimitar          |       |       |    88 |   634 |  1457 |       ||  2179
       Triple sword      |       |       |       |   122 |       |       ||   122
       Double sword      |       |       |       |       |   169 |   570 ||   739
Invok: Sacrifice Stealth |     1 |       |       |       |       |       ||     1
       Sacrifice Purity  |       |     1 |       |       |     2 |       ||     3
       Sacrifice Essence |       |       |     1 |       |     1 |       ||     2
       Sacrifice Nimblen |       |       |       |     1 |       |       ||     1
       Draw Out Power    |       |       |       |     3 |     3 |    11 ||    17
       Power Leap        |       |       |       |     1 |    10 |       ||    11
       Sacrifice Arcana  |       |       |       |     1 |       |       ||     1
       Apocalypse        |       |       |       |     1 |     1 |       ||     2
       Sacrifice Health  |       |       |       |     1 |       |       ||     1
Evoke: Wand              |       |       |    17 |    11 |    14 |     7 ||    49
  Use: Scroll            |       |     8 |     8 |    11 |     6 |     3 ||    36
 Stab: Invisible         |       |       |       |     6 |     8 |     7 ||    21
       Paralysed         |       |       |       |     8 |    14 |     2 ||    24
       Distracted        |       |       |       |       |     6 |       ||     6
Armor: Chain mail        |    80 |       |       |       |       |       ||    80
       Plate armour      |       |   411 |   388 |   534 |   836 |   318 ||  2487
Dodge: Dodged            |    45 |   112 |   145 |   101 |    38 |    13 ||   454
Block: Shield            |       |       |       |   190 |   751 |   452 ||  1393
       Reflection        |       |       |       |       |    21 |    57 ||    78
       Rpst.: Falchion   |    13 |    37 |    37 |       |       |       ||    87
       Scimitar          |       |       |     9 |    21 |     7 |       ||    37
       Triple sword      |       |       |       |    17 |       |       ||    17
       Double sword      |       |       |       |       |       |     4 ||     4

Inventory:

Hand Weapons
 a - the +7 Screaming Sword (weapon) {slice, sonic wave}

   It inflicts extra damage upon your enemies.
 b - a +8 scimitar of flaming
 L - a +1 demon blade of electrocution
Missiles
 l - 17 boomerangs
 z - a throwing net
 A - 5 boomerangs of dispersal (quivered)
 H - 8 silver boomerangs
Armour
 j - a +1 helmet (worn)
 q - a +2 pair of boots (worn)
 x - the +2 shield of Resistance (worn) {rF+ rC+ MR+}

   It protects you from fire.
   It protects you from cold.
   It affects your resistance to hostile enchantments.
 C - a +2 pair of gloves (worn)
 I - a +0 plate armour (worn)
 J - a scarf of spirit shield (worn)
Jewellery
 e - an uncursed amulet of regeneration
 g - an uncursed amulet of guardian spirit
 i - a ring of protection from fire (left hand)
 m - an uncursed ring of resist corrosion
 s - an uncursed ring of protection from fire
 D - an uncursed ring of flight
 F - a +5 amulet of reflection (around neck)
 M - a ring of magical power (right hand)
Wands
 c - a wand of clouds (2)
 d - a wand of polymorph (10)
 p - a wand of random effects (58)
 v - a wand of acid (8)
 w - a wand of flame (31)
Scrolls
 f - a scroll of fog
 h - 5 scrolls of amnesia
 k - a scroll of summoning
 n - 9 scrolls of remove curse
 o - 3 scrolls of immolation
 r - 12 scrolls of identify
 t - 9 scrolls of teleportation
 u - a scroll of fear
 y - 6 scrolls of magic mapping
 B - 5 scrolls of blinking
 G - 2 scrolls of silence
 K - a scroll of enchant weapon
Miscellaneous
 E - a phantom mirror


You were on level 4 of the Snake Pit.
You worshipped Ru.
Ru was exalted by your worship.
You were not hungry.

You visited 6 branches of the dungeon, and saw 29 of its levels.
You also visited: Volcano.

You collected 2696 gold pieces.
You spent 570 gold pieces at shops.

Dungeon Overview and Level Annotations

Branches:
Dungeon (15/15)            Temple (1/1) D:5            Lair (6/6) D:9
 Shoals (0/4) Lair:4        Snake (4/4) Lair:2        Slime (1/5) Lair:6
    Orc (2/2) D:12            Elf (0/3) Orc:2        Vaults (0/5) D:13
 Depths (0/5) D:15

Altars:
Ashenzari
Cheibriados
Dithmenos
Elyvilon
Fedhas
Gozag
Hepliaklqana
Kikubaaqudgha
Makhleb
Nemelex Xobeh
Okawaru
Qazlal
Ru
Sif Muna
Trog
Uskayaw
Vehumet
Wu Jian
Xom
Yredelemnul
Zin
The Shining One
Beogh

Shops:
D:15 }   Orc:2 :*[( ##.#.....#.....()(.) #..#..#))#.....†()..
N ##.#..#..#.......(.. N. #.#..#..#.......... ..( #<#..#.......)..... NSN

###..#........###).
#.. ##§§#....####....)
#N(N#NSN#...........(.
#..SS@N§##............
##.†SNS#####..........
##.S..# #..........
##NS## ....#####..
#### .# #.. #.. ...
....


You could see 3 nagarajas, 3 naga sharpshooters, 3 anacondas, 2 naga ritualists,
a shock serpent, 3 guardian serpents, a black mamba and 3 nagas.

Notes
Turn   | Place    | Note
-------+----------+-------------------------------------------
     0 | D:1      | theanonym the Mummy Warper began the quest for the Orb.
     0 | D:1      | Reached XP level 1. HP: 16/16 MP: 4/4
   155 | D:1      | Reached skill level 2 in Long Blades
   172 | D:1      | Reached XP level 2. HP: 15/22 MP: 5/5
  1002 | D:2      | Found a faded altar of an unknown god.
  1004 | D:2      | Noticed Natasha
  1008 | D:2      | Became a worshipper of Ru the Awakened
  1014 | D:2      | HP: 10/23 [Natasha/magic dart (3)]
  1018 | D:2      | Gained mutation: You cannot be stealthy. [Ru sacrifice]
  1020 | D:2      | HP: 6/23 [Natasha (5)]
  1024 | D:2      | Killed Natasha
  1024 | D:2      | Reached XP level 3. HP: 4/28 MP: 7/7
  1376 | D:2      | Noticed Robin
  1393 | D:2      | Reached skill level 3 in Long Blades
  1408 | D:2      | Killed Robin
  1408 | D:2      | Reached XP level 4. HP: 24/34 MP: 8/8
  1519 | D:2      | Reached skill level 3 in Fighting
  2092 | D:2      | Noticed Natasha
  2103 | D:2      | Killed Natasha
  2103 | D:2      | Reached XP level 5. HP: 27/41 MP: 9/9
  2270 | D:2      | Noticed Natasha
  2279 | D:2      | Killed Natasha
  2422 | D:2      | Found a sacrificial altar of Ru.
  2836 | D:3      | Reached skill level 4 in Long Blades
  3217 | D:3      | Gained mutation: You are clumsy. (Dex -2) [Ru sacrifice]
  3217 | D:3      | Reached * piety under Ru
  3862 | D:4      | Reached XP level 6. HP: 46/48 MP: 10/10
  3989 | D:4      | Reached skill level 4 in Fighting
  4185 | D:4      | HP: 23/48 [worker ant (5)]
  4481 | D:5      | Entered Level 5 of the Dungeon
  4496 | D:5      | Reached skill level 5 in Long Blades
  4744 | D:5      | Noticed Menkaure
  4779 | D:5      | Killed Menkaure
  4779 | D:5      | Reached XP level 7. HP: 44/55 MP: 11/11
  4878 | D:5      | Noticed a +0 dagger
  4878 | D:5      | Noticed a +0 hand axe
  4880 | D:5      | Found a hide-covered altar of Uskayaw.
  4977 | D:5      | Reached skill level 5 in Fighting
  5150 | D:5      | Found a staircase to the Ecumenical Temple.
  5421 | Temple   | Entered the Ecumenical Temple
  5554 | D:6      | Reached skill level 6 in Long Blades
  5622 | D:6      | HP: 27/56 [centaur/arrow (6)]
  5630 | D:6      | HP: 27/56 [centaur (1)]
  5635 | D:6      | HP: 21/56 [centaur (5)]
  5948 | D:6      | HP: 20/56 [orc priest/divine providence (14)]
  5956 | D:5      | Reached XP level 8. HP: 25/64 MP: 12/12
  6325 | D:6      | HP: 31/64 [orc warrior/+2 long sword of holy wrath (11)]
  6330 | D:6      | HP: 24/64 [killer bee (2)]
  6335 | D:6      | HP: 20/64 [killer bee (5)]
  6340 | D:6      | HP: 14/64 [killer bee (7)]
  6673 | D:6      | Noticed Blork the orc
  6675 | D:6      | Noticed Blork
  6675 | D:6      | Blork the orc changed into Blork the ooze
  6679 | D:6      | Killed Blork the ooze
  6698 | D:6      | Reached skill level 6 in Fighting
  6721 | D:6      | Reached skill level 7 in Long Blades
  7159 | D:7      | HP: 30/65 [sky beast (6)]
  7165 | D:7      | HP: 31/65 [sky beast (1)]
  7178 | D:7      | HP: 16/65 [gnoll/+0 whip (3)]
  7218 | D:7      | HP: 17/65 [adder (1)]
  7223 | D:7      | HP: 16/65 [adder (2)]
  7493 | D:7      | Noticed Pikel
  7505 | D:7      | Pikel changed into something unseen
  7606 | D:6      | HP: 26/65 [something (8)]
  7612 | D:6      | HP: 19/65 [something (3)]
  7862 | D:6      | HP: 27/65 [shot self (7)]
  7865 | D:6      | Killed Pikel the unseen horror
  7865 | D:6      | Reached skill level 7 in Fighting
  7865 | D:6      | Reached skill level 8 in Long Blades
  7865 | D:6      | Reached XP level 9. HP: 27/72 MP: 13/13
  8452 | D:8      | Gained mutation: You are slightly vulnerable to magic.
                  | (MR-) [Ru sacrifice]
  8452 | D:8      | Reached ** piety under Ru
  8458 | D:8      | Noticed Erica
  8467 | D:8      | Killed Erica
  8467 | D:8      | Reached skill level 8 in Fighting
  8467 | D:8      | Reached skill level 9 in Long Blades
  8484 | D:8      | Found an iron altar of Okawaru.
  8874 | D:8      | Reached skill level 10 in Long Blades
  9183 | D:8      | Reached XP level 10. HP: 59/82 MP: 14/14
  9933 | D:9      | Found a staircase to the Lair.
  9944 | D:9      | Reached skill level 9 in Fighting
 10341 | D:9      | Reached skill level 11 in Long Blades
 10369 | D:9      | Gained mutation: You cannot train Dodging skill. [Ru
                  | sacrifice]
 10369 | D:9      | Reduced skill Dodging to level 0
 10369 | D:9      | Reached *** piety under Ru
 10601 | D:10     | Entered Level 10 of the Dungeon
 10620 | D:10     | Noticed Gastronok
 10631 | D:10     | HP: 33/84 [Gastronok (16)]
 10634 | D:10     | Killed Gastronok
 10634 | D:10     | Reached skill level 10 in Fighting
 10634 | D:10     | Reached XP level 11. HP: 36/90 MP: 15/15
 10851 | D:10     | Identified a scroll of acquirement
 11013 | D:10     | HP: 45/90 [killer bee (6)]
 11018 | D:10     | HP: 43/90 [killer bee (2)]
 11025 | D:10     | HP: 43/91 [yak (2)]
 11369 | D:10     | Noticed Joseph
 11379 | D:10     | Killed Joseph
 11584 | D:10     | Noticed Sonja
 11586 | D:10     | Noticed Sonja
 11586 | D:10     | Sonja changed into Sonja the yak
 11590 | D:10     | Killed Sonja the yak
 11633 | D:10     | Reached skill level 12 in Long Blades
 11650 | D:10     | HP: 43/92 [yak (6)]
 11656 | D:10     | HP: 45/92 [yak (3)]
 11892 | D:10     | Found the +2 shield of Resistance {rF+ rC+ MR+}
 11909 | D:10     | Noticed an unseen horror
 11914 | D:10     | Killed an unseen horror
 12196 | Lair:1   | Entered Level 1 of the Lair of Beasts
 12214 | Lair:1   | Reached skill level 1 in Armour
 12229 | Lair:1   | HP: 39/92 [komodo dragon (10)]
 12343 | Lair:1   | Noticed a four-headed hydra
 12350 | Lair:1   | Killed a one-headed hydra
 12460 | Lair:1   | Reached skill level 2 in Armour
 12487 | Lair:1   | Gained mutation: You cannot study or cast Earth magic. [Ru
                  | sacrifice]
 12487 | Lair:1   | Gained mutation: You cannot study or cast Transmutations
                  | magic. [Ru sacrifice]
 12487 | Lair:1   | Gained mutation: You cannot study or cast Conjurations
                  | magic. [Ru sacrifice]
 12487 | Lair:1   | Reached **** piety under Ru
 12501 | Lair:1   | Reached skill level 11 in Fighting
 12600 | Lair:1   | HP: 45/93 [yak (3)]
 12609 | Lair:1   | HP: 41/93 [yak (3)]
 12622 | Lair:1   | HP: 31/93 [blink frog (8)]
 12626 | Lair:1   | HP: 9/93 [blink frog (8)]
 12628 | Lair:1   | HP: 1/93 [blink frog (9)]
 12858 | Lair:1   | HP: 42/93 [blink frog (8)]
 12861 | Lair:1   | HP: 18/93 [blink frog (8)]
 13001 | Lair:1   | Reached skill level 3 in Armour
 13320 | Lair:2   | HP: 45/93 [spiny frog (10)]
 13322 | Lair:2   | Reached skill level 13 in Long Blades
 13325 | Lair:2   | Reached XP level 12. HP: 51/100 MP: 16/16
 13537 | Lair:2   | Found a staircase to the Snake Pit.
 13551 | Lair:2   | HP: 45/100 [spiny frog (13)]
 13741 | Lair:2   | Reached skill level 4 in Armour
 13744 | Lair:2   | HP: 50/100 [yak (4)]
 13756 | Lair:2   | HP: 42/100 [komodo dragon (15)]
 13757 | Lair:2   | HP: 20/100 [komodo dragon (23)]
 14630 | Lair:3   | Found a dark tunnel.
 14637 | Volcano  | Entered a volcano
 14675 | Volcano  | HP: 51/102 [lava snake/glob of lava (10)]
 14684 | Volcano  | HP: 51/102 [fire bat (3)]
 14690 | Volcano  | HP: 46/102 [lava snake/glob of lava (7)]
 14712 | Volcano  | Gained mutation: You have somewhat slow reflexes. (EV -5)
                  | [Ru sacrifice]
 14712 | Volcano  | Reached ***** piety under Ru
 14714 | Volcano  | HP: 49/102 [lava snake/glob of lava (8)]
 14942 | Volcano  | Reached skill level 12 in Fighting
 14999 | Volcano  | HP: 51/102 [yaktaur (6)]
 15002 | Volcano  | Noticed a red draconian
 15002 | Volcano  | Noticed a centaur warrior
 15004 | Volcano  | Reached skill level 5 in Armour
 15006 | Volcano  | HP: 41/102 [red draconian/searing blast (5)]
 15014 | Volcano  | Killed a red draconian
 15014 | Volcano  | Reached skill level 14 in Long Blades
 15018 | Volcano  | Killed a centaur warrior
 15121 | Volcano  | Found a radiant altar of Vehumet.
 15144 | Volcano  | Found a burning altar of Makhleb.
 15382 | Lair:3   | Found a snail-covered altar of Cheibriados.
 15511 | Lair:3   | Gained mutation: You are in touch with the powers of death.
                  | [Mummy growth]
 15511 | Lair:3   | Reached XP level 13. HP: 95/109 MP: 17/17
 15807 | Lair:3   | Reached skill level 6 in Armour
 16164 | Lair:4   | HP: 53/109 [six-headed hydra (2)]
 16168 | Lair:4   | HP: 18/109 [three-headed hydra (11)]
 16585 | Lair:4   | Gained mutation: You occasionally shout uncontrollably at
                  | your foes. [Ru sacrifice]
 16617 | Lair:4   | Found a staircase to the Shoals.
 16630 | Lair:4   | Reached skill level 13 in Fighting
 17327 | Lair:5   | Reached skill level 7 in Armour
 17501 | Lair:5   | HP: 51/111 [elephant (13)]
 17506 | Lair:5   | HP: 48/111 [elephant (6)]
 17666 | Lair:5   | HP: 55/111 [spiny frog (15)]
 17912 | Lair:5   | HP: 54/112 [yak[a torpor snail] (5)]
 17920 | Lair:5   | Reached skill level 8 in Armour
 18519 | Lair:6   | Entered Level 6 of the Lair of Beasts
 18533 | Lair:6   | Noticed Rupert
 18554 | Lair:6   | HP: 55/112 [Rupert/+2 battleaxe of chopping (4)]
 18555 | Lair:6   | Killed Rupert
 18652 | Lair:6   | HP: 51/112 [komodo dragon (18)]
 18658 | Lair:6   | HP: 19/112 [komodo dragon (15)]
 18713 | Lair:6   | HP: 55/112 [spiny frog (14)]
 18718 | Lair:6   | HP: 44/112 [spiny frog (6)]
 18741 | Lair:6   | HP: 49/112 [spiny frog (10)]
 18882 | Lair:6   | Reached skill level 14 in Fighting
 18929 | Lair:6   | HP: 55/113 [water moccasin (3)]
 18933 | Lair:6   | Reached skill level 9 in Armour
 18942 | Lair:6   | HP: 39/113 [vampire mosquito (5)]
 19034 | Lair:6   | Reached XP level 14. HP: 114/120 MP: 18/18
 19107 | Lair:6   | Gained mutation: You are very clumsy. (Dex -4) [Ru
                  | sacrifice]
 19148 | Lair:6   | HP: 58/120 [spiny frog (5)]
 19152 | Lair:6   | HP: 26/120 [spiny frog (5)]
 19175 | Lair:5   | HP: 41/120 [vampire mosquito (1)]
 19450 | Lair:6   | Reached skill level 10 in Armour
 19529 | Lair:6   | Found a staircase to the Slime Pits.
 19537 | Lair:6   | HP: 60/121 [acid (4)]
 19548 | Lair:6   | HP: 54/121 [oklob plant/splash of acid (2)]
 19655 | Slime:1  | Entered Level 1 of the Pits of Slime
 19655 | Slime:1  | Noticed an azure jelly
 20704 | D:11     | Reached skill level 11 in Armour
 20894 | D:11     | Gained mutation: Your magical capacity is low. (-10% MP)
                  | [Ru sacrifice]
 20894 | D:11     | Reached ****** piety under Ru
 21347 | D:12     | Found a roughly hewn altar of Beogh.
 21347 | D:12     | Found a staircase to the Orcish Mines.
 21371 | D:12     | Reached skill level 15 in Fighting
 22348 | D:13     | HP: 59/123 [sun demon[an orc sorcerer] (5)]
 22703 | D:13     | Reached XP level 15. HP: 126/129 MP: 17/17
 22955 | D:13     | Noticed Azrael
 23029 | D:13     | Killed Azrael
 23247 | D:13     | Found a gate to the Vaults.
 23257 | D:13     | Reached skill level 12 in Armour
 23556 | Orc:1    | Entered Level 1 of the Orcish Mines
 23636 | Orc:1    | HP: 58/129 [stone giant (14)]
 24383 | Orc:2    | Entered Level 2 of the Orcish Mines
 24440 | Orc:2    | Found a staircase to the Elven Halls.
 24481 | Orc:2    | Noticed an orc warlord
 24493 | Orc:2    | Noticed Maurice
 24512 | Orc:2    | Killed Maurice
 24567 | Orc:1    | Killed an orc warlord
 24567 | Orc:1    | Reached skill level 1 in Shields
 25093 | Orc:2    | HP: 64/130 [chaos spawn[an orc sorcerer] (3)]
 25093 | Orc:2    | Noticed an orc warlord
 25099 | Orc:2    | HP: 48/130 [orc warrior/+0 halberd (18)]
 25108 | Orc:2    | HP: 38/130 [orc warrior/boomerang (3)]
 25118 | Orc:2    | HP: 28/130 [orc priest/divine providence (11)]
 25470 | Orc:1    | Killed an orc warlord
 25470 | Orc:1    | Reached skill level 2 in Shields
 26012 | Orc:2    | Found Pesy's Antique Armour Boutique.
 26013 | Orc:2    | Found Vubra's Antique Weapon Boutique.
 26014 | Orc:2    | Found Fouma's General Store.
 26014 | Orc:2    | Found Oskoogai's Book Shop.
 26018 | Orc:2    | Bought a scarf of spirit shield for 144 gold pieces
 26018 | Orc:2    | Bought a scroll of enchant armour for 120 gold pieces
 26316 | Orc:1    | Found a runed translucent door.
 26317 | Orc:1    | Noticed KristoblXynda's ghost (journeyman DrGl)
 26318 | Orc:1    | Found the +7 Singing Sword {slice, sonic wave}
 26411 | Orc:1    | Killed KristoblXynda's ghost
 26478 | Orc:1    | Reached skill level 13 in Armour
 26494 | Orc:1    | Reached skill level 3 in Shields
 27295 | D:14     | Reached skill level 16 in Fighting
 27519 | D:15     | Entered Level 15 of the Dungeon
 27615 | D:15     | Found a staircase to the Depths.
 27687 | D:15     | Identified the Catalogue of Shape Shifting
 27921 | D:15     | Found Fofo's Gadget Boutique.
 27971 | D:15     | Bought a wand of clouds (2) for 306 gold pieces
 28415 | Snake:1  | Entered Level 1 of the Snake Pit
 28425 | Snake:1  | Reached skill level 4 in Shields
 28451 | Snake:1  | Reached XP level 16. HP: 100/138 MP: 12/18
 28679 | Snake:1  | Noticed Asterion
 28681 | Snake:1  | Noticed an Executioner
 28697 | Snake:1  | HP: 69/138 [Asterion/bolt of lightning (16)]
 28701 | Snake:1  | Killed Asterion
 28702 | Snake:1  | HP: 45/138 [mana viper (8)]
 28998 | Snake:1  | Noticed Jorgrun
 29013 | Snake:1  | HP: 69/138 [Jorgrun/+0 quarterstaff of crushing (6)]
 29017 | Snake:1  | Killed Jorgrun
 30038 | Snake:2  | Reached skill level 5 in Shields
 30039 | Snake:2  | Reached skill level 14 in Armour
 30064 | Snake:2  | HP: 64/139 [anaconda (9)]
 30069 | Snake:2  | HP: 62/139 [anaconda (1)]
 30358 | Snake:2  | Noticed Aizul
 30359 | Snake:2  | Noticed Agnes
 30375 | Snake:2  | Killed Agnes
 30383 | Snake:2  | Killed Aizul
 30384 | Snake:2  | HP: 68/139 [anaconda (3)]
 30648 | Snake:2  | Noticed Vashnia
 30654 | Snake:2  | HP: 56/139 [Vashnia/bolt (28)]
 31280 | Snake:2  | Killed Vashnia
 31280 | Snake:2  | Reached skill level 6 in Shields
 32081 | Snake:3  | HP: 63/140 [shock serpent/electric aura (12)]
 32093 | Snake:3  | HP: 63/140 [naga/+0 trident (1)]
 32388 | Snake:3  | Reached XP level 17. HP: 119/146 MP: 9/18
 32811 | Snake:3  | Reached skill level 15 in Long Blades
 32826 | Snake:3  | HP: 68/146 [something (8)]
 32845 | Snake:3  | HP: 57/146 [anaconda (4)]
 32850 | Snake:3  | HP: 49/146 [anaconda (3)]
 33562 | Snake:4  | Entered Level 4 of the Snake Pit
 33600 | Snake:4  | HP: 62/146 [naga sharpshooter/arrow (14)]
 33633 | Snake:4  | HP: 72/146 [naga warrior/+0 long sword (2)]
 33651 | Snake:4  | HP: 69/146 [nagaraja/+0 halberd (12)]
 33652 | Snake:4  | Reached skill level 16 in Long Blades
 33658 | Snake:4  | HP: 66/146 [naga sharpshooter/+0 hand axe (1)]
 33666 | Snake:4  | HP: 67/146 [naga sharpshooter/+0 arbalest (1)]
 33697 | Snake:4  | HP: 67/146 [nagaraja/poison arrow (3)]
 33709 | Snake:4  | HP: 60/146 [nagaraja/poison arrow (6)]
 33715 | Snake:4  | HP: 71/146 [naga sharpshooter/arrow (3)]
 33730 | Snake:4  | HP: 69/146 [naga sharpshooter/bolt (8)]
 33788 | Snake:4  | HP: 70/146 [shock serpent (11)]
 33790 | Snake:4  | HP: 25/146 [something (10)]
 33838 | Snake:4  | HP: 31/146 [nagaraja/+0 club (2)]
 33844 | Snake:4  | Reached skill level 17 in Fighting
 33844 | Snake:4  | Reached skill level 15 in Armour
 33874 | Snake:4  | HP: 69/147 [black mamba (6)]
 33879 | Snake:4  | HP: 38/147 [black mamba (9)]
 33886 | Snake:4  | HP: 18/147 [anaconda (2)]
 33888 | Snake:4  | Slain by a shock serpent

Vanquished Creatures
  Vashnia (Snake:2)
  Rupert (Lair:6)
  Jorgrun (Snake:1)
  Asterion (Snake:1)
  Gastronok (D:10)
  Agnes (Snake:2)
  2 orc warlords (Orc:1)
  5 nagarajas (Snake:4)
  Aizul (Snake:2)
  The ghost of KristoblXynda the Carver, a journeyman DrGl of Gozag (Orc:1)
  A stone giant (Orc:1)
  A red draconian (Volcano)
  Azrael (D:13)
  An ettin (Orc:2)
  A fire dragon (D:15)
  A yaktaur captain (D:15)
  4 vault guards (D:13)
  An ice dragon (D:15)
  6 hydras
  13 naga warriors
  Erica (D:8)
  A centaur warrior (Volcano)
  An ogre mage (D:13)
  2 two-headed ogres
  20 anacondas
  3 death yaks (Lair:6)
  3 tengu warriors (D:14)
  4 orc high priests
  6 shock serpents
  9 naga sharpshooters
  2 salamander mystics (Snake:4)
  4 unseen horrors
  A sea snake (Snake:3)
  A deep elf archer (D:13)
  9 naga ritualists
  6 orc knights
  2 deep elf magi
  5 oklob plants (Lair:6)
  11 mana vipers
  4 salamanders
  A manticore (D:12)
  10 orc sorcerers
  4 cyclopes
  Maurice (Orc:2)
  A merfolk siren (Lair:4)
  9 elephants
  8 guardian serpents
  22 naga magi
  49 black mambas
  Joseph (D:10)
  2 torpor snails
  6 gargoyles
  3 rime drakes
  A kobold demonologist (D:13)
  3 yaktaurs (Volcano)
  35 spiny frogs
  7 komodo dragons
  A tengu conjurer (D:14)
  3 meliai (D:14)
  2 hornets
  5 trolls
  A polar bear (Lair:3)
  3 merfolk (Lair:4)
  7 slime creatures (D:15)
  3 tyrant leeches (Lair:6)
  4 dream sheep (Lair:6)
  34 blink frogs
  A meliai zombie (D:14)
  7 hippogriffs
  3 wraiths
  40 yaks
  3 wyverns
  8 fire bats (Volcano)
  4 fire elementals
  5 vampire mosquitoes
  A steam dragon (D:11)
  Menkaure (D:5)
  41 nagas
  4 wargs
  2 acid dragons (D:12)
  A soldier ant (D:14)
  12 water moccasins
  10 porcupines
  3 sky beasts
  3 phantoms
  2 slaves (D:6)
  A black bear (D:8)
  37 orc warriors
  3 ice beasts
  2 necrophages
  10 ogres
  13 centaurs
  18 wolves
  15 crocodiles
  3 big kobolds
  20 bullfrogs
  A gnoll sergeant (D:7)
  6 scorpions
  16 killer bees
  3 wights (D:11)
  5 howler monkeys
  3 electric eels
  8 crimson imps
  2 centaur zombies
  2 jellies
  7 lava snakes (Volcano)
  2 quasits
  12 hounds
  28 orc priests
  2 bullfrog zombies (D:12)
  4 centaur skeletons
  27 orc wizards
  A bullfrog skeleton (D:11)
  5 iguanas
  Natasha (thrice) (D:2)
  11 worker ants
  A hound zombie (D:5)
  2 hound skeletons
  A howler monkey zombie (D:6)
  Robin (D:2)
  A worker ant zombie (D:5)
  10 gnolls
  17 adders
  A howler monkey skeleton (D:10)
  A shadow imp (D:9)
  An ooze (D:6)
  An adder skeleton (D:5)
  An adder zombie (D:9)
  A worm (D:4)
  6 leopard geckos
  113 orcs
  4 giant cockroaches
  10 goblins
  10 hobgoblins
  15 jackals
  4 quokkas
  A ball python (D:1)
  8 bats
  13 frilled lizards
  A jackal zombie (D:8)
  19 kobolds
  A quokka skeleton (D:9)
  7 rats
  3 plants (Snake:3)
1041 creatures vanquished.

Vanquished Creatures (others)
  A naga warrior (Snake:4)
  2 anacondas
  2 naga sharpshooters
  A sea snake (Snake:3)
  A salamander (Snake:4)
  3 black mambas
  A guardian serpent (Snake:4)
  A spiny frog (Lair:6)
  A troll (D:11)
  3 yaks
  A human (D:13)
  A vampire mosquito (Lair:5)
  A naga (Snake:3)
  A water moccasin (Lair:3)
  An orc wizard (Orc:2)
  An orc priest (Orc:2)
  A shadow imp (D:13)
  2 orcs (Orc:2)
  2 bushes (Lair:6)
  13 fungi
  59 plants
99 creatures vanquished.

Grand Total: 1140 creatures vanquished

Table legend:
 A = Turns spent in this place as a percentage of turns spent in the entire game.
 B = Non-inter-level travel turns spent in this place as a percentage of non-inter-level travel turns spent in the entire game.
 C = Inter-level travel turns spent in this place as a percentage of turns spent in this place.
 D = Turns resting spent in this place as a percentage of non-inter-level travel turns spent in this place.
 E = Turns spent auto-exploring this place as a percentage of non-inter-level travel turns spent in this place.
 F = Non-inter-level travel turns spent in this place divided by the number of levels of this place that you've seen.
                   A       B       C       D       E      F
               +-------+-------+-------+-------+-------+----------------------
         Total | 100.0 | 100.0 |   4.9 |  30.2 |  48.5 | 1074.8
       Dungeon |  51.2 |  51.1 |   4.9 |  31.7 |  49.4 | 1098.6
        Temple |   0.2 |   0.2 |  19.0 |   0.0 |  98.5 |  68.0
          Lair |  22.7 |  22.6 |   5.3 |  21.7 |  53.0 | 1213.7
     Snake Pit |  16.2 |  16.5 |   2.7 |  36.5 |  45.5 | 1331.8
    Slime Pits |   0.0 |   0.0 |   0.0 |   0.0 |   0.0 |   2.0
  Orcish Mines |   8.2 |   7.9 |   8.0 |  29.6 |  39.7 | 1274.5
       Volcano |   1.6 |   1.7 |   0.0 |  42.9 |  24.6 | 536.0
               +-------+-------+-------+-------+-------+----------------------
